 Dungeon Crawl Stone Soup version 0.26-a0-1138-gef23d1325b (webtiles) character file.

Game seed: 17812249456207038956

2149 Laukis the Basher (level 9, -4/63 HPs)
             Began as a Demonspawn Fighter on Dec 21, 2020.
             Was a Follower of Okawaru.
             Killed from afar by a lava snake (20 damage)
             ... with a glob of lava
             ... on level 8 of the Dungeon.
             The game lasted 00:33:43 (9663 turns).

Laukis the Basher (Demonspawn Fighter)              Turns: 9663, Time: 00:33:44

Health: -4/63      AC:  6    Str: 19    XL:     9   Next: 10%
Magic:  9/9        EV:  9    Int:  9    God:    Okawaru [*.....]
Gold:   374        SH: 10    Dex: 14    Spells: 8/8 levels left

rFire    . . .     SeeInvis .   u - +2 flail (vorpal)
rCold    . . .     Faith    .   c - +0 kite shield
rNeg     . . .     Spirit   .   G - +0 acid dragon scales
rPois    .         Reflect  .   (no helmet)
rElec    .         Harm     .   (no cloak)
rCorr    +         Rampage  .   (no gloves)
Will     .....                  (no boots)
Stlth    +.........             (no amulet)
HPRegen  0.20/turn              (no ring)
MPRegen  0.11/turn              (no ring)

@: no status effects
A: talons 2, spiny 1
a: Renounce Religion, Heroism


You were on level 8 of the Dungeon.
You worshipped Okawaru.
Okawaru was aware of your devotion.
You visited 2 branches of the dungeon, and saw 9 of its levels.
You also visited: Sewer.

You collected 374 gold pieces.

Inventory:

Hand Weapons
 q - a +2 whip of venom
 u - a +2 vorpal flail (weapon)
Missiles
 j - 298 stones (quivered)
 E - 34 poisoned darts
Armour
 c - a +0 kite shield (worn)
 s - a +0 tower shield
 G - +0 acid dragon scales (worn)
Jewellery
 h - an uncursed ring of ice
 m - an uncursed ring of ice
 C - an uncursed ring of stealth
Scrolls
 a - 5 scrolls of fog
 e - 3 scrolls of enchant weapon
 k - 2 scrolls of teleportation
 l - 2 scrolls of identify
 t - 5 scrolls of remove curse
 w - 3 scrolls of magic mapping
 y - a scroll of blinking
Potions
 d - a potion of might
 i - 3 potions of flight
 n - 4 potions of curing
 o - 3 potions of mutation
 r - a potion of heal wounds
 A - a potion of cancellation
 B - a potion of berserk rage


   Skills:
 - Level 3.0 Fighting
 * Level 9.2 Maces & Flails
 - Level 2.6 Armour
 + Level 6.9 Shields


You had 8 spell levels left.
You didn't know any spells.
Your spell library contained the following spells:

 Spells                   Type           Power        Failure   Level
 Corona                   Hex            0%           83%         1
 Foxfire                  Conj/Fire      0%           83%         1
 Magic Dart               Conj           0%           83%         1
 Sandblast                Erth           0%           83%         1
 Passwall                 Tmut/Erth      0%           92%         2
 Searing Ray              Conj           0%           92%         2
 Slow                     Hex            0%           92%         2
 Conjure Flame            Conj/Fire      0%           99%         3
 Dazzling Flash           Conj/Hex       0%           99%         3
 Inner Flame              Hex/Fire       0%           99%         3
 Portal Projectile        Hex/Tloc       0%           99%         3
 Stone Arrow              Conj/Erth      0%           99%         3
 Cause Fear               Hex            0%           100%        4
 Fulminant Prism          Conj/Hex       0%           100%        4
 Iskenderun's Mystic Bla  Conj/Tloc      0%           100%        4
 Leda's Liquefaction      Hex/Erth       0%           100%        4
 Petrify                  Tmut/Erth      0%           100%        4
 Sticky Flame             Conj/Fire      0%           100%        4
 Fireball                 Conj/Fire      0%           100%        5
 Lee's Rapid Deconstruct  Erth           0%           100%        5


Dungeon Overview and Level Annotations

Branches:
Dungeon (8/15)             Temple (1/1) D:6           Sewer (visited)
   Lair: D:8-11

Altars:
Ashenzari
Cheibriados
Elyvilon
Fedhas
Gozag
Hepliaklqana
Kikubaaqudgha
Makhleb
Nemelex Xobeh
Okawaru
Qazlal
Ru
Sif Muna
Trog
Vehumet
Wu Jian
Xom
Yredelemnul
Zin
The Shining One

Shops:
D:4 =

Annotations:
D:2 Sigmund
D:5 2 transporters, rlgrobin's ghost, weakling KoDe


Innate Abilities, Weirdness & Mutations

You have razor-sharp toenails.
You are partially covered in sharp spines.


Message History

Okawaru accepts your kill. The lava snake spits lava at you.
The glob of lava hits you!
You barely miss the lava snake. You claw the lava snake.
The lava snake is lightly wounded.
The lava snake spits lava at you. The glob of lava hits you!
You hit the lava snake. Your kick misses the lava snake.
The lava snake is heavily wounded.
The lava snake is struck by your spines.
The lava snake barely misses you.
You miss the lava snake. Your kick misses the lava snake.
The lava snake is severely wounded.
The lava snake spits lava at you. The glob of lava hits you!
* * * LOW HITPOINT WARNING * * *
There is an open door here.
The lava snake spits lava at you. The glob of lava hits you!!
You die...

####### #.# ##≈≈§≈§## ...
..# #≈≈≈§§§≈# #.# #.#
##+## ###S≈≈§§§≈# #.#
#.###...###@'..._§§§
#.####.##....)##.#§§§≈≈§§#
#...##.#.........#§§§≈§≈≈#
....##..........###§≈§§§##
................'.########
................##.#...#.#
......##.......###.#.....#
###.#.###.....## #.....?)#
# #.#.# ##...## #######)#


You could see a lava snake (catching breath).

Vanquished Creatures
  Maggie (D:6)
  Prince Ribbit (D:7)
  An ice beast (D:6)
  A black bear (D:7)
  2 sky beasts
  Purgy (Sewer)
  3 centaurs
  A lava snake (D:8)
  4 hounds
  A quasit (D:7)
  6 orc wizards
  6 orc priests
  Jessica (D:3)
  An iguana (D:6)
  A worker ant (D:6)
  A hound skeleton (D:4)
  4 gnolls
  13 adders
  6 shadow imps
  2 white imps
  An ooze (D:4)
  2 ufetubi
  An adder zombie (D:5)
  2 worms
  A dart slug (D:2)
  2 leopard geckos
  26 orcs
  2 ball pythons
  12 giant cockroaches
  6 goblins
  10 hobgoblins
  9 jackals
  8 kobolds
  3 quokkas
  16 bats
  3 frilled lizards
  A quokka skeleton (D:7)
  11 rats
173 creatures vanquished.

Notes
Turn   | Place    | Note
-------+----------+-------------------------------------------
     0 | D:1      | Laukis the Demonspawn Fighter began the quest for the Orb.
     0 | D:1      | Reached XP level 1. HP: 18/18 MP: 1/1
    73 | D:1      | Reached skill level 2 in Maces & Flails
   270 | D:1      | Gained mutation: You have sharp toenails. [demonic
                  | ancestry]
   270 | D:1      | Reached XP level 2. HP: 24/24 MP: 2/2
   605 | D:1      | Reached XP level 3. HP: 23/29 MP: 3/3
  1156 | D:2      | Reached skill level 3 in Maces & Flails
  1396 | D:2      | Noticed Sigmund
  1626 | D:2      | Reached XP level 4. HP: 32/35 MP: 4/4
  2065 | D:2      | Reached skill level 4 in Maces & Flails
  2176 | D:2      | Reached XP level 5. HP: 24/41 MP: 5/5
  2800 | D:3      | Noticed Jessica
  2813 | D:3      | Killed Jessica
  2872 | D:3      | Found a shimmering blue altar of Sif Muna.
  2875 | D:3      | Found a broken altar of Ashenzari.
  2877 | D:3      | Found a burning altar of Makhleb.
  3121 | D:4      | Reached XP level 6. HP: 42/47 MP: 6/6
  3384 | D:4      | Found a basalt altar of Yredelemnul.
  3387 | D:4      | Found a glowing golden altar of the Shining One.
  3389 | D:4      | Noticed an angel
  3410 | D:4      | Reached skill level 5 in Maces & Flails
  3509 | D:4      | Found a glowing drain.
  3732 | Sewer    | Entered a sewer
  3786 | Sewer    | Noticed Purgy
  3795 | Sewer    | Killed Purgy
  3899 | D:4      | Found Buhorchuaju's Jewellery Boutique.
  3969 | D:4      | Found a blossoming altar of Fedhas.
  4530 | D:4      | Noticed a profane servitor
  4837 | D:5      | Entered Level 5 of the Dungeon
  4837 | D:5      | Noticed a sky beast
  4964 | D:5      | Found a hazy altar of Hepliaklqana.
  5102 | D:4      | Killed a sky beast
  5103 | D:4      | Reached XP level 7. HP: 33/52 MP: 7/7
  5228 | D:5      | Reached skill level 6 in Maces & Flails
  5310 | D:5      | Found a transporter.
  5312 | D:5      | Noticed rlgrobin's ghost (weakling KoDe)
  5314 | D:5      | Noticed a hornet
  5470 | D:5      | Reached skill level 5 in Shields
  5685 | D:5      | Found a transporter.
  6276 | D:6      | Found an ancient bone altar of Kikubaaqudgha.
  6291 | D:6      | Found a staircase to the Ecumenical Temple.
  6298 | Temple   | Entered the Ecumenical Temple
  6498 | Temple   | Became a worshipper of Warmaster Okawaru
  6633 | D:6      | Found a white marble altar of Elyvilon.
  6687 | D:6      | Reached skill level 7 in Maces & Flails
  6707 | D:6      | Gained mutation: You are partially covered in sharp spines.
                  | [demonic ancestry]
  6707 | D:6      | Reached XP level 8. HP: 14/58 MP: 8/8
  7447 | D:6      | Noticed Maggie
  7462 | D:6      | Killed Maggie
  7462 | D:6      | Reached * piety under Okawaru
  7463 | D:6      | Reached skill level 8 in Maces & Flails
  8007 | D:7      | Found a sacrificial altar of Ru.
  8861 | D:7      | Noticed Prince Ribbit
  8868 | D:7      | Killed Prince Ribbit
  9123 | D:7      | Reached skill level 9 in Maces & Flails
  9545 | D:8      | Gained mutation: You have razor-sharp toenails. [demonic
                  | ancestry]
  9545 | D:8      | Reached XP level 9. HP: 63/63 MP: 9/9
  9651 | D:8      | Found a glowing silver altar of Zin.
  9663 | D:8      | Killed from afar by a lava snake

Illustrated notes

Levels and vault maps discovered:
D:1:      dpeg_arrival_chambers_temple_mockup, layout_loops_ring,
          chequers_serial_rivers_large_a, minmay_domino_2
D:2:      layout_basic, minmay_overflow_temple_star_quad, uniq_sigmund
D:3:      layout_rooms, grunt_temple_overflow_open, uniq_jessica
D:4:      layout_layer_cave, grunt_temple_overflow_holy_war,
          fedhas_ov_isle_minmay, gup_sewer_entry_glass,
          minmay_shop_enchanted_jewellery, st_stairs_4
D:5:      layout_rooms, lemuel_round_altar, gammafunk_ghost_hive
D:6:      layout_loops_corners, kiku_gazebo_pond_becter, elyvilon_altar_5,
          minmay_temple_entry_arrows, uniq_maggie
D:7:      layout_basic, nicolae_ru_sacrificial_ziggurat, uniq_prince_ribbit1
D:8:      layout_loops_corners, serial_shops, kennysheep_mini, basic_altar,
          kennysheep_flooded_box
Temple:   dpeg_chambers_temple

Skill      XL: |  1  2  3  4  5  6  7  8 |
---------------+-------------------------+-----
Maces & Flails | 2 3 4 5 7 9 |  9.2
Shields        | 3 4 5 6 |  6.9
Fighting       | |  3.0
Armour         | |  2.6

Action                   |  1- 3 |  4- 6 |  7- 9 || total
-------------------------+-------+-------+-------++-------
Melee: Flail             |   130 |   175 |   181 ||   486
       Kick              |    24 |    36 |    41 ||   101
  Use: Scroll            |       |    10 |    12 ||    22
       Potion            |       |     1 |     1 ||     2
Armor: Scale mail        |    85 |    64 |    31 ||   180
       Acid dragon scale |       |       |    12 ||    12
Dodge: Dodged            |    48 |    53 |    36 ||   137
Block: Kite shield       |    75 |    99 |    78 ||   252

Table legend: (Time is in decaauts)
 A = Elapsed time spent in this place.
 B = Non-inter-level travel time spent in this place.
 C = Inter-level travel time spent in this place.
 D = Time resting spent in this place.
 E = Time spent auto-exploring this place.
 F = Levels seen in this place.
 G = Mean time per level.
                   A        B        C        D        E       F      G
               +--------+--------+--------+--------+--------+-----+--------+
         Total |   9790 |   9550 |    240 |   3256 |   4682 |  10 |  979.0 |
       Dungeon |   9436 |   9217 |    219 |   3239 |   4414 |   8 | 1179.5 |
        Temple |    208 |    187 |     21 |      0 |    186 |   1 |  208.0 |
         Sewer |    145 |    145 |      0 |     17 |     82 |   1 |  145.0 |
               +--------+--------+--------+--------+--------+-----+--------+

Top non-repeatable levels by time:
     D:6: 2243 daAuts
     D:4: 1879 daAuts
     D:1: 1336 daAuts
     D:7: 1169 daAuts
     D:2: 1135 daAuts
     D:5: 801 daAuts
     D:3: 739 daAuts
  Temple: 208 daAuts
   Sewer: 145 daAuts
     D:8: 131 daAuts
